 Dungeon Crawl Stone Soup version 0.28.0-47-ge53b351184 (webtiles) character file.

Game seed: 9034974131421318740

96 CryoSword the Cudgeller (level 4, 0/20 HPs)
             Began as a Vine Stalker Chaos Knight on May 7, 2022.
             Was a Plaything of Xom.
             Slain by Crazy Yiuf
             ... wielding a +4 quarterstaff of chaos
              (15 damage)
             ... on level 3 of the Dungeon.
             The game lasted 00:03:10 (3316 turns).

CryoSword the Cudgeller (Vine Stalker Chaos Knight) Turns: 3316, Time: 00:03:11

Health: 0/20       AC:  5    Str: 17    XL:     4   Next: 67%
Magic:  0/5        EV: 11    Int: 12    God:    Xom [..*...]
Gold:   146        SH:  0    Dex: 13    Spells: 4/4 levels left

rFire   . . .      SeeInvis .   a - +0 mace (chaos)
rCold   . . .      Faith    .   (no shield)
rNeg    . . .      Spirit   +   b - +2 leather armour
rPois   .          Reflect  .   (no helmet)
rElec   .          Harm     .   (no cloak)
rCorr   .          Rampage  .   (no gloves)
Will    .....                   (no boots)
Stlth   +.........              (no amulet)
HPRegen 0.86/turn               (no ring)
MPRegen 0.09/turn               (no ring)

@: no status effects
A: fangs 2, regeneration 1, magic shield, antimagic bite, no potion heal 2,
frail 1, screaming 1
a: Renounce Religion


You were on level 3 of the Dungeon.
You worshipped Xom.
You were a toy of Xom.
You visited 1 branch of the dungeon, and saw 3 of its levels.

You collected 146 gold pieces.

Inventory:

Hand Weapons
 a - a +0 mace of chaos (weapon)
Missiles
 j - 5 poisoned darts (quivered)
 m - a throwing net
Armour
 b - a +2 leather armour (worn)
 i - a +0 pair of gloves
   (You found it on level 2 of the Dungeon)
Jewellery
 f - a +6 ring of strength
   (You found it on level 1 of the Dungeon)
 n - a ring of flight
   (You found it on level 3 of the Dungeon)
Scrolls
 d - 2 scrolls of magic mapping {unknown}
 e - a scroll of summoning {unknown}
 k - 2 scrolls of identify {unknown}
Potions
 c - 5 potions of curing {unknown}
 g - a potion of invisibility {unknown}
 h - a potion of mutation {unknown}
 l - a potion of ambrosia {unknown}
 o - a potion of flight {unknown}


   Skills:
 + Level 2.9 Fighting
 * Level 4.4 Maces & Flails
 - Level 1.5 Armour
 - Level 0.7 Dodging
 + Level 1.0 Stealth
 + Level 0.6 Spellcasting


You had 4 spell levels left.
You didn't know any spells.
Your spell library was empty.

Dungeon Overview and Level Annotations

Branches:
Dungeon (3/15)

Altars:

Annotations:
D:3 Crazy Yiuf


Innate Abilities, Weirdness & Mutations

You have extremely sharp teeth.
Your natural rate of healing is unusually fast.
When hurt, damage is shared between your health and your magic reserves.
Your bite disrupts and absorbs the magic of your enemies.
Potions cannot restore your health.
You are frail. (-10% HP)
You occasionally shout uncontrollably at your foes.


Message History

An endoplasm comes into view.
Found 12 gold pieces.
The endoplasm quivers.
An endoplasm is nearby!
You sock the endoplasm! You burn the endoplasm.
You kill the endoplasm!
No target in view!
No target in view!
You now have 123 gold pieces (gained 12).
A ball python comes into view.
A ball python is nearby!
A ball python is nearby!
You see here 12 gold pieces.
The ball python bites you. The ball python barely misses you.
You sock the ball python!
You feel better.
You kill the ball python!
Your Stealth skill increases to level 1!
No target in view!
You now have 135 gold pieces (gained 12).
k - 2 scrolls labelled PIURIPTALA (gained 1)
A ball python comes into view.
A ball python is nearby!
A ball python is nearby!
You sock the ball python!
You kill the ball python!
No target in view!
A bat comes into view.
You yell at the bat!
Found 11 gold pieces.
The bat moves out of view.
The bat barely misses you.
A bat is nearby!
You hit the bat.
The bat flickers and vanishes!
Deactivating autopickup; reactivate with Ctrl-A.
Xom thinks this is hilarious!
Something hits you but does no damage. Something hits you.
No target in view!
No target in view!
No target in view!
You miss something. You bite something. Something completely misses you.
Something hits you but does no damage. Something hits you.
You closely miss something. Something hits you.
Something hits you but does no damage. x2
Something hits you but does no damage.
Something hits you but does no damage. x2
Something hits you but does no damage.
You swing at nothing.
Something hits you but does no damage. x2
You barely miss something. Your bite misses something.
Something hits you but does no damage. x2
You closely miss something. Something hits you but does no damage.
You swing at nothing.
Something hits you. Something hits you but does no damage.
You miss something. You bite something.
Reactivating autopickup.
You feel a bit more experienced.
You swing at nothing.
You swing at nothing.
You swing at nothing.
You swing at nothing.
You swing at nothing.
You swing at nothing.
You swing at nothing.
You swing at nothing.
You swing at nothing.
You swing at nothing.
You swing at nothing.
You swing at nothing.
You swing at nothing.
You swing at nothing.
You see here a bat corpse.
Found a stone staircase leading down and a stone staircase leading up.
You now have 146 gold pieces (gained 11).
There is a shaft here.
An endoplasm comes into view.
The endoplasm quivers.
An endoplasm is nearby!
You hit the endoplasm. The endoplasm freezes you.
You are frozen.
You completely miss the endoplasm. The endoplasm freezes you.
You are frozen.
You hit the endoplasm.
You kill the endoplasm!
No target in view!
Found a stone staircase leading up.
There is an open door here.
o - a sapphire potion A frilled lizard comes into view.
A frilled lizard is nearby!
A bat comes into view.
The bat hits you but does no damage.
The frilled lizard bites you but does no damage.
You hit the frilled lizard.
You kill the frilled lizard!
The bat barely misses you. The bat hits you but does no damage.
You closely miss the bat. The bat hits you but does no damage.
You miss the bat. Your bite misses the bat.
The bat hits you but does no damage. The bat hits you but does no damage.
The bat barely misses you. x2
You hit the bat but do no damage.
The bat is poisoned.
Your bite misses the bat. The bat closely misses you.
An endoplasm comes into view.
The bat misses you.
You hit the bat.
You kill the bat!
An endoplasm is nearby!
An endoplasm is nearby!
The helpless endoplasm fails to defend itself.
You hit the endoplasm. You drain the endoplasm.
You kill the endoplasm!
No target in view!
Xom twists space around you.
Your surroundings suddenly seem different.
Your surroundings suddenly seem different.
Your surroundings suddenly seem different.
Your surroundings suddenly seem different.
Your surroundings suddenly seem different.
Unknown command.
Unknown command.
Unknown command.
Could not explore, unopened door.
Could not explore, unopened door.
Could not explore, unopened door.
You open the door.
Found 14 arrows.
You see here 14 arrows.
Found a stone staircase leading up.
There is an open door here.
Xom does a drum roll.
Unknown command.
You see here a bat skeleton.
Xom makes a sudden noise!
You hear a muffled joke.
Unknown command.
Xom snickers.
Your leather armour briefly grows fur, then returns to normal.
Unknown command.
Found a mace.
Found a runed translucent door.
Crazy Yiuf shouts!
Crazy Yiuf says, "Which is more difficult, to awaken one who sleeps or to awaken one who, awake, dreams that he is awake?"
Could not explore, unopened runed door.
Could not explore, unopened runed door.
You open the door. You hit Crazy Yiuf. You freeze Crazy Yiuf.
Crazy Yiuf closely misses you.
You closely miss Crazy Yiuf. You bite Crazy Yiuf, but do no damage.
Crazy Yiuf hits you with a +4 quarterstaff of chaos!
You feel your power leaking away.
You hit Crazy Yiuf. You freeze Crazy Yiuf.
Crazy Yiuf hits you with a +4 quarterstaff of chaos!
Ouch! That really hurt!
You die...

###...#.##.#####
###.#.##.#
#......# #####
#......# #)..#
#......# #...#
#......##### ...
#......#.... #g#
#......#....
♣@♣♣
#......#....
♣♣.♣
#...##.#....
♣.♣♣
######.#....
♣♣.♣ #.......
♣♣.♣♣ #..###.#
♣♣...♣ #..# #.#
♣....♣ #..# #.#
##..## #..# #.#
#....# #..# #..


You could see Crazy Yiuf.

Vanquished Creatures
  4 adders
  A worm (D:2)
  2 dart slugs (D:1)
  9 bats
  7 endoplasms
  2 giant cockroaches
  3 goblins (D:2)
  3 hobgoblins
  3 kobolds
  3 quokkas (D:1)
  7 ball pythons
  5 frilled lizards
  6 rats
55 creatures vanquished.

Notes
Turn   | Place    | Note
-------+----------+-------------------------------------------
     0 | D:1      | CryoSword the Vine Stalker Chaos Knight began the quest for
                  | the Orb.
     0 | D:1      | Reached XP level 1. HP: 11/11 MP: 2/2
    37 | D:1      | XOM: divination: detect creatures
   111 | D:1      | XOM: divination: detect items
   212 | D:1      | Reached skill level 3 in Maces & Flails
   230 | D:1      | XOM: silly message
   231 | D:1      | Reached XP level 2. HP: 16/16 MP: 3/3
   310 | D:1      | XOM: divination: detect items
   792 | D:1      | Reached XP level 3. HP: 16/19 MP: 2/4
   807 | D:1      | XOM: summons 1 hostile demon
   890 | D:1      | XOM: summons 2 hostile demons
  1200 | D:2      | Reached skill level 4 in Maces & Flails
  1783 | D:2      | XOM: give mutations
  1783 | D:2      | Gained mutation: You are frail. (-10% HP) [Xom's mischief]
  1783 | D:2      | Gained mutation: You occasionally shout uncontrollably at
                  | your foes. [Xom's mischief]
  1783 | D:2      | Gained mutation: You are dopey. (Int -2) [Xom's mischief]
  1986 | D:2      | Found a faded altar of an unknown god.
  2020 | D:2      | XOM: give mutation
  2020 | D:2      | Lost mutation: You are dopey. (Int -2) [Xom's mischief]
  2264 | D:2      | XOM: stat loss: -1 Int (11/12)
  2280 | D:2      | Gained mutation: Your natural rate of healing is unusually
                  | fast. [Vine Stalker growth]
  2280 | D:2      | Reached XP level 4. HP: 16/20 MP: 3/5
  2375 | D:2      | XOM: summons 3 hostile shadow creatures
  2396 | D:2      | XOM: silly message
  2638 | D:3      | XOM: silly message
  2798 | D:3      | Reached skill level 1 in Stealth
  3036 | D:3      | XOM: 5-stop teleportation journey
  3239 | D:3      | XOM: noise
  3265 | D:3      | XOM: noise
  3277 | D:3      | XOM: silly message
  3309 | D:3      | Found a runed translucent door.
  3310 | D:3      | Noticed Crazy Yiuf
  3316 | D:3      | Slain by Crazy Yiuf

Illustrated notes

Levels and vault maps discovered:
D:1:      wander_arrival_estate, layout_basic
D:2:      layout_basic, shapermc_ecumenical_altar_hornbeckon, minmay_3d_cube
D:3:      layout_basic, st_stairs_6, uniq_crazy_yiuf_cottage

Skill      XL: |  1  2  3  4 |
---------------+-------------+-----
Maces & Flails | 3 4 |  4.4
Stealth        | 1 |  1.0
Fighting       | |  2.9
Armour         | |  1.5
Dodging        | |  0.7
Spellcasting   | |  0.6

Action                   |  1- 3 |  4- 6 || total
-------------------------+-------+-------++-------
Melee: Mace              |   107 |    58 ||   165
       Bite              |    19 |    10 ||    29
       Punch             |     2 |     2 ||     4
 Stab: Sleeping          |       |     1 ||     1
Armor: Leather armour    |    69 |    40 ||   109
Dodge: Dodged            |    85 |    54 ||   139
